Tizlok, neutral female gnomish Wizard ---- ---- --- --..--- ---..---.--- | -- -------------------------...<.| -- #-#|.....|....| |............................*%%.......--. #-.-#..........| --- -- -- ----------------------......- |%G@..........- --.....-- |...%.%.......| |......| |.|...%.......-- |...*.-- |.|............| --....| -.|....--.|....-- |..--- |.--------....| |.-- ..| |.....| |.| |.--- |....-- |.| |...-----...-- |.| ---..-|.....| |.| |...|.---.| |.| |.....| -- |.--- |....-- |...--- |.%.-- ---...----------.--- |..............| ---------------- Tizlok the Conjurer Experience level: 5 Strength: 9 Dexterity: 17 Constitution: 13 Intelligence: 19 Wisdom: 10 Charisma: 9 Health: 0(32) Energy: 43(44) Def: 3 Gold: 153 Moves: 1156 Dungeon seed: jh0hb3QrCVYZI8-a Game ID: Tizlok_1521121969 Your Inventory: Coins $ - 153 gold pieces Weapons a - a blessed +1 quarterstaff (weapon in hands) Armor e - an uncursed +0 cloak of magic resistance (being worn) n - a blessed +1 pair of gauntlets of dexterity (being worn) q - an uncursed +0 orcish helm Comestibles j - an uncursed apple m - an uncursed food ration u - an uncursed candy bar Scrolls i - an uncursed scroll of identify o - an uncursed scroll of enchant weapon Spellbooks f - a blessed spellbook of charm monster l - an uncursed spellbook of magic missile s - a blessed spellbook of magic missile Potions k - an uncursed potion of speed t - a blessed potion of object detection v - an uncursed potion of healing Wands b - an uncursed wand of striking (0:6) Tools d - an uncursed skeleton key h - an uncursed blindfold Spells and supernatural/magical abilities: Spell marked with ':' is quivered. Name Level Category Fail Memory a - force bolt 1 : attack 0% 99% A - create familiar 3 clerical 57% 99% W - pray for help -- divine ? -- Your skills at the end: Fighting Skills wands [Basic] Weapon Skills quarterstaff [Basic] Spellcasting Skills attack spells [Basic] enchantment spells [Basic] Final Attributes: You were magic resistant. You had infravision. You are dead. Vanquished creatures: a small mimic a shrieker a golden naga hatchling a dwarf a kobold lord 2 rothes 2 coyotes a gas spore a hobbit 3 giant rats 3 yellow molds a garter snake 4 geckos 5 jackals a fox a kobold 2 goblins 4 grid bugs a bat 2 lichens a newt 39 creatures vanquished. Voluntary challenges: You were an atheist. You used a wielded weapon 35 times, starting on turn 47. You read items or engraved 10 times, starting on turn 1. You never genocided any monsters. You never polymorphed an object. You never changed form. You used no wishes. You never split a pudding. You never wrote Elbereth's name. You violated your moral code, losing 26 points of alignment, starting on turn 1144. Dungeon overview: The Dungeons of Doom: levels 1 to 4 Level 1 a vault a long staircase Level 2 Level 3 a general store, a vault Level 4 a vault stairs to The Gnomish Mines The Gnomish Mines: Level 5 <- You were here stairs to The Dungeons of Doom History has recorded: On T:1 you entered the Dungeons of Doom to retrieve the Amulet of Yendor! On T:120 you reached level 2 of The Dungeons of Doom. On T:189 you advanced to experience level 2. On T:324 you reached level 3 of The Dungeons of Doom. On T:424 you advanced to experience level 3. On T:429 you reached level 4 of The Dungeons of Doom. On T:637 you advanced to experience level 4. On T:1011 you reached level 1 of The Gnomish Mines. On T:1144 you advanced to experience level 5. Score breakdown: Gold: 153 ( 7441 points) Experience: 5 levels (11141 points) Exploration: 5 levels ( 10.20%) ( 8660 points) Discoveries: 4 items ( 1.35%) ( 3481 points) Valuables value: (no points given unless you survive) Artifact value: 0 ( 0 points) Variety of kills: 21 monsters ( 5.53%) ( 7052 points) Turncount: 1156 turns ( 0 points) Survival: died (score multiplied by 80%) Total score: 30220 Latest messages: You hear crashing rock. You miss the yellow mold. You stagger... You hear crashing rock. You bump into the yellow mold. (2x) You feel a bit steadier now. The force bolt hits the hobbit! The hobbit is killed! Welcome to experience level 5. The force bolt hits the dwarf! The dwarf is killed! Your conscience bothers you... v - a black potion. There are a few more objects here. The force bolt hits the gnome king! Your conscience bothers you... The gnome king gets angry! The force bolt hits the yellow mold! The yellow mold is killed! The gnome king zaps a curved wand! The sleep ray hits you! The gnome king hits! (5x) You die... Final status: Goodbye Tizlok the Wizard, killed by a gnome king, while sleeping... You died in The Gnomish Mines on dungeon level 5 with 30220 points, and 153 pieces of gold, after 1156 moves. You were level 5 with a maximum of 32 hit points when you died.